WCHLSIM.com - West Coast Hockey League
html PUBLIC "-//W3C//DTD XHTML 1.0 Transitional//EN" "http://www.w3.org/TR/xhtml1/DTD/xhtml1-transitional.dtd"> WCHL - Game 665 - LONG BEACH BARACUDAS vs SEATTLE GRUNGE

LONG BEACH BARACUDAS vs SEATTLE GRUNGE

Created - 18 janvier 2020 at 10:15

Goals
1 2 3 T
LONG BEACH BARACUDAS 0 0 0 0
SEATTLE GRUNGE 2 1 2 5
Shots
1 2 3 T
LONG BEACH BARACUDAS 12 9 6 27
SEATTLE GRUNGE 13 12 11 36

1st period

1. SEATTLE GRUNGE , Seth Jones 6 (Roman Josi 26, Josh Bailey 13) at 1:15 (PP)
2. SEATTLE GRUNGE , Chris Tierney 10 (Seth Jones 16) at 4:35 (PP)

Penalties :
Brad Richardson (LOB) for Elbowing (Minor) at 0:51, Luke Kunin (LOB) for Interference (Minor) at 3:49, Seth Jones (SEA) for Hooking (Minor) at 11:22, Xavier Ouellet (LOB) for Roughing (Minor) at 14:22

2nd period

3. SEATTLE GRUNGE , Jeff Skinner 21 (Tyler Seguin 33, Rasmus Dahlin 10) at 3:10

Penalties :
Zachary Werenski (LOB) for Diving (Minor) at 4:16, Travis Sanheim (SEA) for Holding (Minor) at 6:44

3rd period

4. SEATTLE GRUNGE , Chris Tierney 11 (Brandon Saad 13, Matthew Grzelcyk 1) at 6:03
5. SEATTLE GRUNGE , Tyler Seguin 28 (Jeff Skinner 21, Josh Bailey 14) at 10:37

Penalties :
Jordan Oesterle (LOB) for Tripping (Minor) at 0:30, Jordan Oesterle (LOB) for Roughing (Minor) at 6:25, Zachary Werenski (LOB) for Tripping (Minor) at 12:55, Kyle Palmieri (LOB) for Tripping (Minor) at 14:55, Luke Kunin (LOB) for Slashing (Minor) at 18:36

Goalie Stats

Darcy Kuemper (LOB), 31 saves from 36 shots - (0,861), L, 34-7-1, 60:00 minutes
Carter Hutton (SEA), 27 saves from 27 shots - (1,000), W, 6-3-1, 60:00 minutes

Players Stats for LONG BEACH BARACUDAS

Player Name              G  A  P  +/- PIM S  H  SB GA TA FO     MP     PP MP  PK MP  
------------------------------------------------------------------------------------
Alex Pietrangelo         0  0  0  -1  0   1  3  2  0  0  0/0    25:47   2:05   6:34 
Ben Hutton               0  0  0  -1  0   0  2  3  0  0  0/0    24:14   1:53   7:53 
Brad Richardson          0  0  0   0  2   2  0  0  0  0  1/1    12:31   1:54   0:00 
Brandon Montour          0  0  0  -1  0   0  1  3  0  0  0/0    19:09   0:00   7:53 
Daniel Carr              0  0  0   0  0   0  0  0  0  0  0/0     5:56   1:54   0:50 
Derick Brassard          0  0  0   0  0   2  1  0  0  0  15/28  20:36   2:04   7:54 
Elias Lindholm           0  0  0  -1  0   6  0  0  0  0  4/6    22:35   2:04   7:49 
Igor Ozhiganov           0  0  0   0  0   0  0  0  0  0  0/0     0:00   0:00   0:00 
J.T. Compher             0  0  0  -1  0   3  1  0  0  0  0/0    15:54   0:00   0:00 
Jordan Oesterle          0  0  0  -1  4   1  1  2  0  0  0/0    18:07   0:00   4:58 
Kyle Connor              0  0  0  -2  0   1  1  0  0  0  1/2    17:07   2:04   0:00 
Kyle Palmieri            0  0  0  -2  2   1  0  0  0  0  0/0    20:50   0:00   5:48 
Luke Kunin               0  0  0   0  4   3  2  0  0  0  0/0    10:36   0:00   0:00 
Nolan Patrick            0  0  0   0  0   1  0  0  0  0  6/15    9:35   0:00   6:23 
Sidney Crosby            0  0  0  -1  0   3  1  0  0  0  10/17  14:46   1:54   0:10 
Steven Stamkos           0  0  0  -2  0   3  0  0  0  0  9/19   17:08   2:05   0:00 
Xavier Ouellet           0  0  0  -1  2   0  1  1  0  0  0/0    11:34   0:00   1:36 
Zachary Werenski         0  0  0  -1  4   0  3  0  0  0  0/0    18:59   1:53   0:00 

Players Stats for SEATTLE GRUNGE

Player Name              G  A  P  +/- PIM S  H  SB GA TA FO     MP     PP MP  PK MP  
------------------------------------------------------------------------------------
Brandon Saad             0  1  1   1  0   1  0  0  0  0  0/0     9:59   0:00   0:00 
Chris Tierney            2  0  2   1  0   5  0  0  0  0  10/23  17:25   5:58   1:28 
Damon Severson           0  0  0   2  0   3  0  1  0  0  0/0    22:16   7:05   2:09 
Jeff Skinner             1  1  2   2  0   6  2  0  0  0  0/1    20:56   8:29   2:30 
Josh Bailey              0  2  2   2  0   0  0  0  0  0  1/2    19:54   8:29   1:28 
Matthew Grzelcyk         0  1  1   1  0   0  5  0  0  0  0/0    15:01   0:00   0:00 
Michael Frolik           0  0  0   1  0   3  2  0  0  0  1/7    18:27   5:58   2:30 
Mike Sgarbossa           0  0  0   0  0   0  1  0  0  0  0/0    11:51   0:00   0:00 
Oskar Sundqvist          0  0  0   0  0   3  0  1  0  0  7/11   15:46   5:58   0:00 
Rasmus Dahlin            0  1  1   2  0   1  2  0  0  0  0/0    22:03   7:05   1:56 
Roman Josi               0  1  1   0  0   5  1  1  0  0  0/0    23:33   7:22   2:39 
Seth Jones               1  1  2   0  2   2  3  2  0  0  0/0    20:53   7:22   0:00 
Steve Bernier            0  0  0   0  0   0  0  0  0  0  0/1     9:48   0:00   0:00 
Travis Sanheim           0  0  0   1  2   0  1  1  0  0  0/0    16:12   0:00   1:12 
Tyler Seguin             1  1  2   2  0   4  0  0  0  0  19/29  18:26   8:29   0:00 
Victor Rask              0  0  0   0  0   0  0  0  0  0  1/1    11:51   0:00   0:00 
Vladimir Sobotka         0  0  0   0  0   1  0  0  0  0  0/1     9:48   0:00   0:00 
Zemgus Girgensons        0  0  0   0  0   2  0  0  0  0  3/12   11:51   0:00   0:00 

3 Stars

1 - Carter Hutton (SEA)
2 - Chris Tierney (SEA)
3 - Jeff Skinner (SEA)

Power Play

LONG BEACH BARACUDAS - 0 on 2 Attempt(s) - 0,00%
SEATTLE GRUNGE - 2 on 9 Attempt(s) - 22,22%

Penalty Kill

LONG BEACH BARACUDAS - 7 on 9 Attempt(s) - 77,78% - Score 0 goal in Penalty Kill
SEATTLE GRUNGE - 2 on 2 Attempt(s) - 100,00% - Score 0 goal in Penalty Kill

Team Stat

LONG BEACH BARACUDAS - Hits : 17 - Faceoff Wins : 46 - Blocked Shots : 11 - Penalty Minutes : 18
SEATTLE GRUNGE - Hits : 17 - Faceoff Wins : 42 - Blocked Shots : 6 - Penalty Minutes : 4

Official

Referees : Fred LeBlanc and Jean Hebert
Linesman : Kevin Briganti and Mike Cvik

Game Notes

No Game Note

Finance

Level 1 -- Attendance: 6000 (100,00%) -- Ticket Income 630 000 $
Level 2 -- Attendance: 5000 (100,00%) -- Ticket Income 325 000 $
Level 3 -- Attendance: 2621 (87,37%) -- Ticket Income 94 356 $
Level 4 -- Attendance: 4676 (93,52%) -- Ticket Income 116 900 $
Luxury Box -- Attendance: 1000 (100,00%) -- Ticket Income 202 000 $
Total Attendance: 19297 (96,49%)
Total Ticket Income: 1 368 256 $
Other Income: 410 477 $
Total Income: 1 778 733 $

LONG BEACH BARACUDAS

5 vs 5 Forward 
   Center                   Left Wing                Right Wing               Time % Phy DF OF 
 1 Steven Stamkos           Kyle Connor              Kyle Palmieri            40     0   1  4  
 2 Sidney Crosby            J.T. Compher             Elias Lindholm           32     0   1  4  
 3 Derick Brassard          Brad Richardson          Luke Kunin               20     0   2  3  
 4 Nolan Patrick            Daniel Carr              J.T. Compher             8      0   3  2  

5 vs 5 Defense 
   Defense                  Defense                                           Time % Phy DF OF 
 1 Alex Pietrangelo         Zachary Werenski                                  36     1   2  2  
 2 Jordan Oesterle          Ben Hutton                                        31     1   2  2  
 3 Brandon Montour          Xavier Ouellet                                    23     1   2  2  
 4 Brandon Montour          Ben Hutton                                        10     1   2  2  

PowerPlay Forward 
   Center                   Left Wing                Right Wing               Time % Phy DF OF 
 1 Sidney Crosby            Brad Richardson          Daniel Carr              53     0   0  5  
 2 Elias Lindholm           Kyle Connor              Derick Brassard          47     0   0  5  

PowerPlay Defense
   Defense                  Defense                                           Time % Phy DF OF 
 1 Steven Stamkos           Alex Pietrangelo                                  55     0   2  3  
 2 Zachary Werenski         Ben Hutton                                        45     0   2  3  

Penalty Kill 4 Players Forward 
   Center                   Wing                     Time % Phy DF OF 
 1 Derick Brassard          Elias Lindholm           55     0   4  1  
 2 Nolan Patrick            Kyle Palmieri            45     0   4  1  

Penalty Kill 4 Players Defense
   Defense                  Defense                  Time % Phy DF OF 
 1 Alex Pietrangelo         Jordan Oesterle          55     0   4  1  
 2 Brandon Montour          Ben Hutton               45     0   4  1  

Penalty Kill - 3 Players Forward 
   Forward                                           Time % Phy DF OF 
 1 J.T. Compher                                      55     0   4  1  
 2 Derick Brassard                                   45     0   4  1  

Penalty Kill - 3 Players Defense
   Defense                  Defense                  Time % Phy DF OF 
 1 Ben Hutton               Brandon Montour          55     1   2  2  
 2 Xavier Ouellet           Jordan Oesterle          45     1   2  2  

4 vs 4 Forward 
   Center                   Wing                     Time % Phy DF OF 
 1 Nolan Patrick            Kyle Palmieri            55     0   3  2  
 2 Derick Brassard          Luke Kunin               45     0   3  2  

4 vs 4 Defense
   Defense                  Defense                  Time % Phy DF OF 
 1 Alex Pietrangelo         Brandon Montour          55     0   3  2  
 2 Jordan Oesterle          Xavier Ouellet           45     0   3  2  

Last Minutes Offensive
   Center                   Left Wing                Right Wing               Defense                  Defense                  
   Nolan Patrick            Kyle Connor              Elias Lindholm           Alex Pietrangelo         Zachary Werenski         

Last Minutes Defensive
   Center                   Left Wing                Right Wing               Defense                  Defense                  
   J.T. Compher             Brad Richardson          Elias Lindholm           Alex Pietrangelo         Zachary Werenski         

Goaltenders
Starting : Darcy Kuemper            
Backup : Brian Elliott            

Extra Forwards
Normal : Nolan Patrick, Kyle Palmieri, Elias Lindholm - PP : Nolan Patrick, Kyle Palmieri - PK : Kyle Palmieri
Extra Defensemen
Normal : Jordan Oesterle, Xavier Ouellet, Brandon Montour - PP : Jordan Oesterle - PK : Xavier Ouellet, Brandon Montour
Penalty Shots
Sidney Crosby, Steven Stamkos, Elias Lindholm, Kyle Connor, Kyle Palmieri
Custom OT Lines Forwards
Sidney Crosby, Steven Stamkos, Elias Lindholm, Kyle Connor, J.T. Compher, Daniel Carr, Kyle Palmieri, Brad Richardson, Derick Brassard, Nolan Patrick
Custom OT Lines Defensemen
Alex Pietrangelo, Zachary Werenski, Brandon Montour, Ben Hutton, Jordan Oesterle

Scratches
Taylor Hall (Sprained Left Knee Injury), Justin Schultz (Sprained Left Finger Injury)

SEATTLE GRUNGE

5 vs 5 Forward 
   Center                   Left Wing                Right Wing               Time % Phy DF OF 
 1 Tyler Seguin             Jeff Skinner             Josh Bailey              25     1   2  2  
 2 Chris Tierney            Brandon Saad             Michael Frolik           25     1   2  2  
 3 Oskar Sundqvist          Vladimir Sobotka         Steve Bernier            25     1   2  2  
 4 Zemgus Girgensons        Mike Sgarbossa           Victor Rask              25     1   2  2  

5 vs 5 Defense 
   Defense                  Defense                                           Time % Phy DF OF 
 1 Roman Josi               Seth Jones                                        34     1   2  2  
 2 Damon Severson           Rasmus Dahlin                                     33     1   2  2  
 3 Travis Sanheim           Matthew Grzelcyk                                  33     1   2  2  
 4 Roman Josi               Seth Jones                                        0      1   2  2  

PowerPlay Forward 
   Center                   Left Wing                Right Wing               Time % Phy DF OF 
 1 Tyler Seguin             Jeff Skinner             Josh Bailey              55     1   2  2  
 2 Chris Tierney            Oskar Sundqvist          Michael Frolik           45     1   2  2  

PowerPlay Defense
   Defense                  Defense                                           Time % Phy DF OF 
 1 Roman Josi               Seth Jones                                        55     1   2  2  
 2 Damon Severson           Rasmus Dahlin                                     45     1   2  2  

Penalty Kill 4 Players Forward 
   Center                   Wing                     Time % Phy DF OF 
 1 Michael Frolik           Jeff Skinner             55     1   2  2  
 2 Chris Tierney            Josh Bailey              45     1   2  2  

Penalty Kill 4 Players Defense
   Defense                  Defense                  Time % Phy DF OF 
 1 Roman Josi               Travis Sanheim           55     1   2  2  
 2 Damon Severson           Rasmus Dahlin            45     1   2  2  

Penalty Kill - 3 Players Forward 
   Forward                                           Time % Phy DF OF 
 1 Josh Bailey                                       55     1   2  2  
 2 Chris Tierney                                     45     1   2  2  

Penalty Kill - 3 Players Defense
   Defense                  Defense                  Time % Phy DF OF 
 1 Roman Josi               Seth Jones               55     1   2  2  
 2 Damon Severson           Rasmus Dahlin            45     1   2  2  

4 vs 4 Forward 
   Center                   Wing                     Time % Phy DF OF 
 1 Tyler Seguin             Michael Frolik           55     1   2  2  
 2 Chris Tierney            Josh Bailey              45     1   2  2  

4 vs 4 Defense
   Defense                  Defense                  Time % Phy DF OF 
 1 Roman Josi               Seth Jones               55     1   2  2  
 2 Damon Severson           Rasmus Dahlin            45     1   2  2  

Last Minutes Offensive
   Center                   Left Wing                Right Wing               Defense                  Defense                  
   Tyler Seguin             Jeff Skinner             Josh Bailey              Roman Josi               Seth Jones               

Last Minutes Defensive
   Center                   Left Wing                Right Wing               Defense                  Defense                  
   Tyler Seguin             Jeff Skinner             Josh Bailey              Roman Josi               Seth Jones               

Goaltenders
Starting : Carter Hutton            
Backup : Chad Johnson             

Extra Forwards
Normal : Mike Sgarbossa, Victor Rask, Oskar Sundqvist - PP : Mike Sgarbossa, Victor Rask - PK : Oskar Sundqvist
Extra Defensemen
Normal : Travis Sanheim, Seth Jones, Damon Severson - PP : Travis Sanheim - PK : Roman Josi, Damon Severson
Penalty Shots
Oskar Sundqvist, Victor Rask, Chris Tierney, Josh Bailey, Michael Frolik
Custom OT Lines Forwards
Victor Rask, Mike Sgarbossa, Chris Tierney, Josh Bailey, Tyler Seguin, Michael Frolik, Oskar Sundqvist, Vladimir Sobotka, Zemgus Girgensons, Steve Bernier
Custom OT Lines Defensemen
Roman Josi, Seth Jones, Damon Severson, Rasmus Dahlin, Travis Sanheim

Scratches
Yannick Weber (Healthy), J.T. Brown (Healthy), Semyon Varlamov (Healthy)

% Time on Ice - LONG BEACH BARACUDAS

Lines # - Real PCT - Wanted PCT - Time Play
Normal Forward
1 - 36% - 40% - 15:03
2 - 31% - 32% - 12:42
3 - 26% - 20% - 10:38
4 - 8% - 8% - 3:12
Normal Defense
1 - 41% - 36% - 17:08
2 - 32% - 31% - 13:11
3 - 24% - 23% - 9:59
4 - 3% - 10% - 1:17
PP Forward
1 - 48% - 53% - 1:54
2 - 52% - 47% - 2:04
PP Defense
1 - 53% - 55% - 2:05
2 - 47% - 45% - 1:53
PK Forward
1 - 56% - 55% - 8:04
2 - 44% - 45% - 6:23
PK Defense
1 - 45% - 55% - 6:34
2 - 55% - 45% - 7:53
PK3 Forward
1 - 0% - 55%
2 - 0% - 45%
PK3 Defense
1 - 0% - 55%
2 - 0% - 45%
44 Forward
1 - 0% - 55%
2 - 0% - 45%
44 Defense
1 - 0% - 55%
2 - 0% - 45%
Last Minute Offensive  - 0:00
Last Minute Defensive  - 0:00
Total
Forward - 60:00
Defense - 60:00

% Time on Ice - SEATTLE GRUNGE

Lines # - Real PCT - Wanted PCT - Time Play
Normal Forward
1 - 24% - 25% - 9:57
2 - 24% - 25% - 9:59
3 - 24% - 25% - 9:48
4 - 28% - 25% - 11:51
Normal Defense
1 - 33% - 34% - 13:32
2 - 31% - 33% - 13:02
3 - 36% - 33% - 15:01
4 - 0% - 0% - 0:00
PP Forward
1 - 59% - 55% - 8:29
2 - 41% - 45% - 5:58
PP Defense
1 - 51% - 55% - 7:22
2 - 49% - 45% - 7:05
PK Forward
1 - 63% - 55% - 2:30
2 - 37% - 45% - 1:28
PK Defense
1 - 73% - 55% - 2:53
2 - 27% - 45% - 1:05
PK3 Forward
1 - 0% - 55%
2 - 0% - 45%
PK3 Defense
1 - 0% - 55%
2 - 0% - 45%
44 Forward
1 - 0% - 55%
2 - 0% - 45%
44 Defense
1 - 0% - 55%
2 - 0% - 45%
Last Minute Offensive  - 0:00
Last Minute Defensive  - 0:00
Total
Forward - 60:00
Defense - 60:00

Play-by-Play

1st period


0:01 of 1st period - Tyler Seguin wins face-off versus Steven Stamkos in neutral zone.
0:13 of 1st period - Icing by Tyler Seguin.
0:14 of 1st period - Sidney Crosby wins face-off versus Tyler Seguin in SEATTLE GRUNGE zone.
0:30 of 1st period - Shot by Elias Lindholm.
0:30 of 1st period - Stopped by Carter Hutton without a rebound.
0:31 of 1st period - Chris Tierney wins face-off versus Derick Brassard in SEATTLE GRUNGE zone.
0:38 of 1st period - Shot by Brandon Saad.
0:38 of 1st period - Shot Blocked by Xavier Ouellet.
0:51 of 1st period - Minor Penalty to Brad Richardson for Elbowing.
0:52 of 1st period - Derick Brassard wins face-off versus Tyler Seguin in LONG BEACH BARACUDAS zone.
1:07 of 1st period - Shot by Tyler Seguin.
1:07 of 1st period - Shot Blocked by Brandon Montour.
1:09 of 1st period - Shot by Josh Bailey.
1:09 of 1st period - Shot Misses the Net.
1:11 of 1st period - Shot by Seth Jones.
1:11 of 1st period - Shot Misses the Net.
1:13 of 1st period - Shot by Roman Josi.
1:13 of 1st period - Shot Blocked by Brandon Montour.
1:15 of 1st period - Shot by Seth Jones.
1:15 of 1st period - Goal by Seth Jones - LONG BEACH BARACUDAS : 0 - SEATTLE GRUNGE : 1.
1:16 of 1st period - Elias Lindholm wins face-off versus Steve Bernier in neutral zone.
1:33 of 1st period - Shot by Elias Lindholm.
1:33 of 1st period - Deflect By Sidney Crosby.
1:33 of 1st period - Stopped by Carter Hutton without a rebound.
1:34 of 1st period - Zemgus Girgensons wins face-off versus Steven Stamkos in SEATTLE GRUNGE zone.
1:44 of 1st period - Shot by Kyle Palmieri.
1:44 of 1st period - Shot Misses the Net.
3:17 of 1st period - Shot by Vladimir Sobotka.
3:17 of 1st period - Stopped by Darcy Kuemper with a rebound.
3:33 of 1st period - Shot by Sidney Crosby.
3:33 of 1st period - Stopped by Carter Hutton without a rebound.
3:34 of 1st period - Tyler Seguin wins face-off versus Derick Brassard in SEATTLE GRUNGE zone.
3:34 of 1st period - Tyler Seguin is hit by Luke Kunin.
3:49 of 1st period - Minor Penalty to Luke Kunin for Interference.
3:50 of 1st period - Derick Brassard wins face-off versus Tyler Seguin in LONG BEACH BARACUDAS zone.
4:19 of 1st period - Shot by Tyler Seguin.
4:19 of 1st period - Shot Misses the Net.
4:21 of 1st period - Shot by Damon Severson.
4:21 of 1st period - Stopped by Darcy Kuemper without a rebound.
4:22 of 1st period - Oskar Sundqvist wins face-off versus Nolan Patrick in LONG BEACH BARACUDAS zone.
4:31 of 1st period - Shot by Roman Josi.
4:31 of 1st period - Shot Misses the Net.
4:33 of 1st period - Shot by Roman Josi.
4:33 of 1st period - Stopped by Darcy Kuemper without a rebound.
4:34 of 1st period - Chris Tierney wins face-off versus Nolan Patrick in LONG BEACH BARACUDAS zone.
4:35 of 1st period - Shot by Seth Jones.
4:35 of 1st period - Deflect By Chris Tierney.
4:35 of 1st period - Goal by Chris Tierney - LONG BEACH BARACUDAS : 0 - SEATTLE GRUNGE : 2.
4:36 of 1st period - Chris Tierney wins face-off versus Steven Stamkos in neutral zone.
5:06 of 1st period - Shot by Steven Stamkos.
5:06 of 1st period - Shot Misses the Net.
7:29 of 1st period - Shot by Kyle Connor.
7:29 of 1st period - Shot Misses the Net.
7:31 of 1st period - Shot by Jordan Oesterle.
7:31 of 1st period - Stopped by Carter Hutton without a rebound.
7:32 of 1st period - Brad Richardson wins face-off versus Zemgus Girgensons in SEATTLE GRUNGE zone.
8:11 of 1st period - Shot by Derick Brassard.
8:11 of 1st period - Stopped by Carter Hutton without a rebound.
8:12 of 1st period - Nolan Patrick wins face-off versus Chris Tierney in SEATTLE GRUNGE zone.
8:23 of 1st period - Shot by Chris Tierney.
8:23 of 1st period - Stopped by Darcy Kuemper with a rebound.
8:25 of 1st period - Shot by Damon Severson.
8:25 of 1st period - Stopped by Darcy Kuemper without a rebound.
8:26 of 1st period - Oskar Sundqvist wins face-off versus Steven Stamkos in LONG BEACH BARACUDAS zone.
8:34 of 1st period - Oskar Sundqvist is hit by Brandon Montour and loses puck.
8:39 of 1st period - Shot by Damon Severson.
8:39 of 1st period - Stopped by Darcy Kuemper without a rebound.
8:40 of 1st period - Chris Tierney wins face-off versus Sidney Crosby in LONG BEACH BARACUDAS zone.
9:45 of 1st period - Shot by Kyle Connor.
9:45 of 1st period - Stopped by Carter Hutton without a rebound.
9:46 of 1st period - Derick Brassard wins face-off versus Zemgus Girgensons in SEATTLE GRUNGE zone.
10:18 of 1st period - Shot by Rasmus Dahlin.
10:18 of 1st period - Stopped by Darcy Kuemper without a rebound.
10:19 of 1st period - Oskar Sundqvist wins face-off versus Steven Stamkos in LONG BEACH BARACUDAS zone.
10:36 of 1st period - Shot by Seth Jones.
10:36 of 1st period - Stopped by Darcy Kuemper without a rebound.
10:37 of 1st period - Tyler Seguin wins face-off versus Nolan Patrick in LONG BEACH BARACUDAS zone.
10:37 of 1st period - Tyler Seguin is hit by Ben Hutton.
10:57 of 1st period - Shot by Jeff Skinner.
10:57 of 1st period - Shot Blocked by Jordan Oesterle.
11:11 of 1st period - Shot by Nolan Patrick.
11:11 of 1st period - Stopped by Carter Hutton without a rebound.
11:12 of 1st period - Steven Stamkos wins face-off versus Vladimir Sobotka in SEATTLE GRUNGE zone.
11:22 of 1st period - Minor Penalty to Seth Jones for Hooking.
11:23 of 1st period - Derick Brassard wins face-off versus Michael Frolik in SEATTLE GRUNGE zone.
11:31 of 1st period - Shot by Derick Brassard.
11:31 of 1st period - Stopped by Carter Hutton without a rebound.
11:32 of 1st period - Elias Lindholm wins face-off versus Michael Frolik in SEATTLE GRUNGE zone.
11:59 of 1st period - Shot by Elias Lindholm.
11:59 of 1st period - Shot Misses the Net.
12:01 of 1st period - Shot by Elias Lindholm.
12:01 of 1st period - Stopped by Carter Hutton without a rebound.
12:02 of 1st period - Sidney Crosby wins face-off versus Michael Frolik in SEATTLE GRUNGE zone.
12:13 of 1st period - Shot by Brad Richardson.
12:13 of 1st period - Shot Blocked by Travis Sanheim.
12:35 of 1st period - Shot by Sidney Crosby.
12:35 of 1st period - Shot Misses the Net.
12:37 of 1st period - Shot by Sidney Crosby.
12:37 of 1st period - Stopped by Carter Hutton without a rebound.
12:38 of 1st period - Chris Tierney wins face-off versus Elias Lindholm in SEATTLE GRUNGE zone.
12:45 of 1st period - Shot by Elias Lindholm.
12:45 of 1st period - Shot Misses the Net.
13:05 of 1st period - Shot by Elias Lindholm.
13:05 of 1st period - Stopped by Carter Hutton without a rebound.
13:06 of 1st period - Sidney Crosby wins face-off versus Chris Tierney in SEATTLE GRUNGE zone.
13:07 of 1st period - Shot by Brad Richardson.
13:07 of 1st period - Shot Misses the Net.
13:16 of 1st period - Icing by Sidney Crosby.
13:17 of 1st period - Michael Frolik wins face-off versus Sidney Crosby in LONG BEACH BARACUDAS zone.
13:18 of 1st period - Shot by Roman Josi.
13:18 of 1st period - Stopped by Darcy Kuemper without a rebound.
13:19 of 1st period - Elias Lindholm wins face-off versus Michael Frolik in LONG BEACH BARACUDAS zone.
14:22 of 1st period - Minor Penalty to Xavier Ouellet for Roughing.
14:23 of 1st period - Nolan Patrick wins face-off versus Tyler Seguin in LONG BEACH BARACUDAS zone.
15:51 of 1st period - Icing by Michael Frolik.
15:52 of 1st period - Derick Brassard wins face-off versus Chris Tierney in SEATTLE GRUNGE zone.
16:16 of 1st period - Off-side.
16:17 of 1st period - Tyler Seguin wins face-off versus Derick Brassard in neutral zone.
16:32 of 1st period - Shot by Zemgus Girgensons.
16:32 of 1st period - Stopped by Darcy Kuemper with a rebound.
16:42 of 1st period - Shot by J.T. Compher.
16:42 of 1st period - Shot Misses the Net.
17:03 of 1st period - Off-side.
17:04 of 1st period - Steven Stamkos wins face-off versus Tyler Seguin in neutral zone.
17:20 of 1st period - Icing by Steven Stamkos.
17:21 of 1st period - Steven Stamkos wins face-off versus Oskar Sundqvist in LONG BEACH BARACUDAS zone.
18:24 of 1st period - Shot by J.T. Compher.
18:24 of 1st period - Stopped by Carter Hutton without a rebound.
18:25 of 1st period - Derick Brassard wins face-off versus Tyler Seguin in SEATTLE GRUNGE zone.
18:54 of 1st period - Shot by Jeff Skinner.
18:54 of 1st period - Stopped by Darcy Kuemper with a rebound.
19:37 of 1st period - Shot by Brandon Saad.
19:37 of 1st period - Shot Misses the Net.
19:39 of 1st period - Shot by Roman Josi.
19:39 of 1st period - Shot Misses the Net.
Goals for this period are 0 for LONG BEACH BARACUDAS vs 2 for SEATTLE GRUNGE.
Shots for this period are 12 for LONG BEACH BARACUDAS vs 13 for SEATTLE GRUNGE.

2nd period


0:01 of 2nd period - Oskar Sundqvist wins face-off versus Steven Stamkos in neutral zone.
0:22 of 2nd period - Shot by Kyle Palmieri.
0:22 of 2nd period - Shot Blocked by Roman Josi.
0:24 of 2nd period - Shot by Kyle Palmieri.
0:24 of 2nd period - Shot Misses the Net.
0:40 of 2nd period - Shot by Steven Stamkos.
0:40 of 2nd period - Shot Misses the Net.
0:42 of 2nd period - Shot by Ben Hutton.
0:42 of 2nd period - Shot Blocked by Seth Jones.
0:44 of 2nd period - Shot by Jordan Oesterle.
0:44 of 2nd period - Shot Blocked by Oskar Sundqvist.
1:22 of 2nd period - Shot by Elias Lindholm.
1:22 of 2nd period - Stopped by Carter Hutton without a rebound.
1:23 of 2nd period - Derick Brassard wins face-off versus Zemgus Girgensons in SEATTLE GRUNGE zone.
1:23 of 2nd period - Luke Kunin is hit by Matthew Grzelcyk and loses puck.
1:41 of 2nd period - Brad Richardson is hit by Matthew Grzelcyk and loses puck.
1:54 of 2nd period - Shot by Luke Kunin.
1:54 of 2nd period - Stopped by Carter Hutton without a rebound.
1:55 of 2nd period - Steven Stamkos wins face-off versus Tyler Seguin in SEATTLE GRUNGE zone.
2:14 of 2nd period - Jeff Skinner is hit by Zachary Werenski and loses puck.
2:19 of 2nd period - Shot by Tyler Seguin.
2:19 of 2nd period - Stopped by Darcy Kuemper without a rebound.
2:20 of 2nd period - Chris Tierney wins face-off versus Sidney Crosby in LONG BEACH BARACUDAS zone.
2:57 of 2nd period - Shot by Elias Lindholm.
2:57 of 2nd period - Stopped by Carter Hutton without a rebound.
2:58 of 2nd period - Steven Stamkos wins face-off versus Tyler Seguin in SEATTLE GRUNGE zone.
2:59 of 2nd period - Shot by Kyle Palmieri.
2:59 of 2nd period - Shot Blocked by Damon Severson.
3:10 of 2nd period - Shot by Jeff Skinner.
3:10 of 2nd period - Goal by Jeff Skinner - LONG BEACH BARACUDAS : 0 - SEATTLE GRUNGE : 3.
3:11 of 2nd period - Zemgus Girgensons wins face-off versus Derick Brassard in neutral zone.
3:11 of 2nd period - Zemgus Girgensons is hit by Luke Kunin.
3:30 of 2nd period - Icing by Brandon Montour.
3:31 of 2nd period - Tyler Seguin wins face-off versus Derick Brassard in LONG BEACH BARACUDAS zone.
3:31 of 2nd period - Jeff Skinner is hit by Xavier Ouellet and loses puck.
3:44 of 2nd period - Shot by Jeff Skinner.
3:44 of 2nd period - Stopped by Darcy Kuemper without a rebound.
3:45 of 2nd period - Steven Stamkos wins face-off versus Chris Tierney in LONG BEACH BARACUDAS zone.
4:02 of 2nd period - Michael Frolik is hit by Zachary Werenski and loses puck.
4:16 of 2nd period - Minor Penalty to Zachary Werenski for Diving.
4:17 of 2nd period - Josh Bailey wins face-off versus Derick Brassard in LONG BEACH BARACUDAS zone.
4:18 of 2nd period - Shot by Tyler Seguin.
4:18 of 2nd period - Shot Blocked by Ben Hutton.
4:47 of 2nd period - Off-side.
4:48 of 2nd period - Nolan Patrick wins face-off versus Chris Tierney in neutral zone.
5:55 of 2nd period - Shot by Jeff Skinner.
5:55 of 2nd period - Stopped by Darcy Kuemper without a rebound.
5:56 of 2nd period - Derick Brassard wins face-off versus Jeff Skinner in LONG BEACH BARACUDAS zone.
6:33 of 2nd period - Steven Stamkos is hit by Matthew Grzelcyk.
6:44 of 2nd period - Minor Penalty to Travis Sanheim for Holding.
6:45 of 2nd period - Sidney Crosby wins face-off versus Michael Frolik in SEATTLE GRUNGE zone.
6:54 of 2nd period - Shot by Brad Richardson.
6:54 of 2nd period - Stopped by Carter Hutton without a rebound.
6:55 of 2nd period - Sidney Crosby wins face-off versus Michael Frolik in SEATTLE GRUNGE zone.
7:23 of 2nd period - Off-side.
7:24 of 2nd period - Elias Lindholm wins face-off versus Chris Tierney in neutral zone.
8:28 of 2nd period - Icing by Sidney Crosby.
8:29 of 2nd period - Sidney Crosby wins face-off versus Josh Bailey in LONG BEACH BARACUDAS zone.
8:46 of 2nd period - Shot by J.T. Compher.
8:46 of 2nd period - Stopped by Carter Hutton without a rebound.
8:47 of 2nd period - Kyle Connor wins face-off versus Oskar Sundqvist in SEATTLE GRUNGE zone.
8:47 of 2nd period - Kyle Connor is hit by Travis Sanheim.
8:52 of 2nd period - Steven Stamkos is hit by Matthew Grzelcyk and loses puck.
9:55 of 2nd period - Shot by Tyler Seguin.
9:55 of 2nd period - Shot Misses the Net.
10:23 of 2nd period - Shot by Tyler Seguin.
10:23 of 2nd period - Stopped by Darcy Kuemper without a rebound.
10:24 of 2nd period - Sidney Crosby wins face-off versus Chris Tierney in LONG BEACH BARACUDAS zone.
10:31 of 2nd period - Shot by Sidney Crosby.
10:31 of 2nd period - Shot Blocked by Seth Jones.
10:33 of 2nd period - Shot by Elias Lindholm.
10:33 of 2nd period - Stopped by Carter Hutton with a rebound.
10:40 of 2nd period - Elias Lindholm is hit by Seth Jones and loses puck.
10:47 of 2nd period - Shot by Sidney Crosby.
10:47 of 2nd period - Shot Misses the Net.
11:18 of 2nd period - Icing by Brandon Saad.
11:19 of 2nd period - Derick Brassard wins face-off versus Chris Tierney in SEATTLE GRUNGE zone.
11:30 of 2nd period - Shot by Brad Richardson.
11:30 of 2nd period - Deflect By Luke Kunin.
11:30 of 2nd period - Stopped by Carter Hutton without a rebound.
11:31 of 2nd period - Derick Brassard wins face-off versus Zemgus Girgensons in SEATTLE GRUNGE zone.
11:37 of 2nd period - Off-side.
11:38 of 2nd period - Derick Brassard wins face-off versus Zemgus Girgensons in neutral zone.
11:55 of 2nd period - Shot by Zemgus Girgensons.
11:55 of 2nd period - Stopped by Darcy Kuemper without a rebound.
11:56 of 2nd period - Tyler Seguin wins face-off versus Kyle Connor in LONG BEACH BARACUDAS zone.
12:03 of 2nd period - Shot by Tyler Seguin.
12:03 of 2nd period - Deflect By Jeff Skinner.
12:03 of 2nd period - Shot Misses the Net.
12:18 of 2nd period - Jordan Oesterle is hit by Jeff Skinner and loses puck.
13:07 of 2nd period - Rasmus Dahlin is hit by Zachary Werenski.
13:16 of 2nd period - Icing by Zachary Werenski.
13:17 of 2nd period - Sidney Crosby wins face-off versus Oskar Sundqvist in LONG BEACH BARACUDAS zone.
13:22 of 2nd period - Oskar Sundqvist is hit by J.T. Compher and loses puck.
13:33 of 2nd period - Shot by Oskar Sundqvist.
13:33 of 2nd period - Stopped by Darcy Kuemper with a rebound.
13:39 of 2nd period - Shot by Oskar Sundqvist.
13:39 of 2nd period - Stopped by Darcy Kuemper with a rebound.
13:41 of 2nd period - Shot by Roman Josi.
13:41 of 2nd period - Stopped by Darcy Kuemper with a rebound.
14:14 of 2nd period - Icing by Rasmus Dahlin.
14:15 of 2nd period - Steven Stamkos wins face-off versus Zemgus Girgensons in SEATTLE GRUNGE zone.
14:16 of 2nd period - Shot by Kyle Palmieri.
14:16 of 2nd period - Deflect By Steven Stamkos.
14:16 of 2nd period - Stopped by Carter Hutton without a rebound.
14:17 of 2nd period - Steven Stamkos wins face-off versus Zemgus Girgensons in SEATTLE GRUNGE zone.
14:37 of 2nd period - Kyle Palmieri is hit by Rasmus Dahlin.
15:36 of 2nd period - Shot by Brandon Saad.
15:36 of 2nd period - Stopped by Darcy Kuemper without a rebound.
15:37 of 2nd period - Tyler Seguin wins face-off versus Sidney Crosby in LONG BEACH BARACUDAS zone.
15:37 of 2nd period - Josh Bailey is hit by Alex Pietrangelo and loses puck.
15:41 of 2nd period - Jeff Skinner is hit by Alex Pietrangelo and loses puck.
15:48 of 2nd period - Shot by Jeff Skinner.
15:48 of 2nd period - Shot Blocked by Alex Pietrangelo.
16:12 of 2nd period - Shot by Jeff Skinner.
16:12 of 2nd period - Stopped by Darcy Kuemper without a rebound.
16:13 of 2nd period - Chris Tierney wins face-off versus Steven Stamkos in LONG BEACH BARACUDAS zone.
16:16 of 2nd period - Shot by Brandon Saad.
16:16 of 2nd period - Shot Misses the Net.
16:36 of 2nd period - Shot by Michael Frolik.
16:36 of 2nd period - Stopped by Darcy Kuemper without a rebound.
16:37 of 2nd period - Derick Brassard wins face-off versus Oskar Sundqvist in LONG BEACH BARACUDAS zone.
16:48 of 2nd period - Shot by Luke Kunin.
16:48 of 2nd period - Stopped by Carter Hutton with a rebound.
17:55 of 2nd period - Shot by Kyle Connor.
17:55 of 2nd period - Shot Misses the Net.
18:03 of 2nd period - Shot by Chris Tierney.
18:03 of 2nd period - Shot Blocked by Jordan Oesterle.
18:24 of 2nd period - Off-side.
18:25 of 2nd period - Sidney Crosby wins face-off versus Zemgus Girgensons in neutral zone.
18:31 of 2nd period - Sidney Crosby is hit by Seth Jones and loses puck.
19:32 of 2nd period - Shot by Josh Bailey.
19:32 of 2nd period - Shot Misses the Net.
19:50 of 2nd period - Shot by Luke Kunin.
19:50 of 2nd period - Shot Misses the Net.
Goals for this period are 0 for LONG BEACH BARACUDAS vs 1 for SEATTLE GRUNGE.
Shots for this period are 9 for LONG BEACH BARACUDAS vs 12 for SEATTLE GRUNGE.

3rd period


0:01 of 3rd period - Chris Tierney wins face-off versus Steven Stamkos in neutral zone.
0:30 of 3rd period - Minor Penalty to Jordan Oesterle for Tripping.
0:31 of 3rd period - Tyler Seguin wins face-off versus Derick Brassard in LONG BEACH BARACUDAS zone.
0:32 of 3rd period - Shot by Roman Josi.
0:32 of 3rd period - Shot Misses the Net.
0:34 of 3rd period - Shot by Tyler Seguin.
0:34 of 3rd period - Stopped by Darcy Kuemper without a rebound.
0:35 of 3rd period - Tyler Seguin wins face-off versus Elias Lindholm in LONG BEACH BARACUDAS zone.
0:40 of 3rd period - Shot by Tyler Seguin.
0:40 of 3rd period - Shot Misses the Net.
0:42 of 3rd period - Shot by Roman Josi.
0:42 of 3rd period - Stopped by Darcy Kuemper without a rebound.
0:43 of 3rd period - Tyler Seguin wins face-off versus Derick Brassard in LONG BEACH BARACUDAS zone.
2:41 of 3rd period - Shot by J.T. Compher.
2:41 of 3rd period - Shot Misses the Net.
2:51 of 3rd period - Shot by Sidney Crosby.
2:51 of 3rd period - Shot Misses the Net.
2:53 of 3rd period - Shot by Alex Pietrangelo.
2:53 of 3rd period - Stopped by Carter Hutton without a rebound.
2:54 of 3rd period - Tyler Seguin wins face-off versus Derick Brassard in SEATTLE GRUNGE zone.
3:51 of 3rd period - Off-side.
3:52 of 3rd period - Oskar Sundqvist wins face-off versus Sidney Crosby in neutral zone.
4:10 of 3rd period - Shot by Sidney Crosby.
4:10 of 3rd period - Shot Misses the Net.
4:12 of 3rd period - Shot by Sidney Crosby.
4:12 of 3rd period - Shot Misses the Net.
4:17 of 3rd period - Sidney Crosby is hit by Rasmus Dahlin and loses puck.
4:32 of 3rd period - Shot by Sidney Crosby.
4:32 of 3rd period - Deflect By Elias Lindholm.
4:32 of 3rd period - Shot Misses the Net.
5:06 of 3rd period - Icing by Chris Tierney.
5:07 of 3rd period - Derick Brassard wins face-off versus Chris Tierney in SEATTLE GRUNGE zone.
5:18 of 3rd period - Shot by Derick Brassard.
5:18 of 3rd period - Deflect By Brad Richardson.
5:18 of 3rd period - The goal is going for a video replay.
5:18 of 3rd period - The goal is refused.
5:19 of 3rd period - Steven Stamkos wins face-off versus Zemgus Girgensons in SEATTLE GRUNGE zone.
5:19 of 3rd period - Steven Stamkos is hit by Seth Jones.
5:46 of 3rd period - Shot by Steven Stamkos.
5:46 of 3rd period - Stopped by Carter Hutton without a rebound.
5:47 of 3rd period - Sidney Crosby wins face-off versus Chris Tierney in SEATTLE GRUNGE zone.
6:01 of 3rd period - Shot by Chris Tierney.
6:01 of 3rd period - Stopped by Darcy Kuemper with a rebound.
6:03 of 3rd period - Shot by Brandon Saad.
6:03 of 3rd period - Deflect By Chris Tierney.
6:03 of 3rd period - Goal by Chris Tierney - LONG BEACH BARACUDAS : 0 - SEATTLE GRUNGE : 4.
6:04 of 3rd period - Tyler Seguin wins face-off versus Steven Stamkos in neutral zone.
6:15 of 3rd period - Shot by Jeff Skinner.
6:15 of 3rd period - Stopped by Darcy Kuemper without a rebound.
6:16 of 3rd period - Oskar Sundqvist wins face-off versus Sidney Crosby in LONG BEACH BARACUDAS zone.
6:17 of 3rd period - Shot by Vladimir Sobotka.
6:17 of 3rd period - Deflect By Oskar Sundqvist.
6:17 of 3rd period - Shot Misses the Net.
6:19 of 3rd period - Shot by Oskar Sundqvist.
6:19 of 3rd period - Shot Blocked by Ben Hutton.
6:21 of 3rd period - Shot by Oskar Sundqvist.
6:21 of 3rd period - Stopped by Darcy Kuemper with a rebound.
6:24 of 3rd period - Oskar Sundqvist is hit by Ben Hutton and loses puck.
6:25 of 3rd period - Minor Penalty to Jordan Oesterle for Roughing.
6:26 of 3rd period - Derick Brassard wins face-off versus Tyler Seguin in LONG BEACH BARACUDAS zone.
7:03 of 3rd period - Shot by Tyler Seguin.
7:03 of 3rd period - Shot Misses the Net.
7:13 of 3rd period - Shot by Jeff Skinner.
7:13 of 3rd period - Deflect By Tyler Seguin.
7:13 of 3rd period - Shot Misses the Net.
7:24 of 3rd period - Icing by Seth Jones.
7:25 of 3rd period - Tyler Seguin wins face-off versus Nolan Patrick in SEATTLE GRUNGE zone.
8:41 of 3rd period - J.T. Compher is hit by Mike Sgarbossa.
10:35 of 3rd period - Shot by Jeff Skinner.
10:35 of 3rd period - Shot Blocked by Brandon Montour.
10:37 of 3rd period - Shot by Tyler Seguin.
10:37 of 3rd period - Goal by Tyler Seguin - LONG BEACH BARACUDAS : 0 - SEATTLE GRUNGE : 5.
10:38 of 3rd period - Nolan Patrick wins face-off versus Chris Tierney in neutral zone.
10:38 of 3rd period - Alex Pietrangelo is hit by Michael Frolik and loses puck.
10:49 of 3rd period - Shot by Nolan Patrick.
10:49 of 3rd period - Shot Misses the Net.
10:51 of 3rd period - Shot by Alex Pietrangelo.
10:51 of 3rd period - Shot Misses the Net.
10:56 of 3rd period - J.T. Compher is hit by Roman Josi and loses puck.
11:13 of 3rd period - Shot by J.T. Compher.
11:13 of 3rd period - Stopped by Carter Hutton with a rebound.
12:29 of 3rd period - Shot by Steven Stamkos.
12:29 of 3rd period - Stopped by Carter Hutton without a rebound.
12:30 of 3rd period - Tyler Seguin wins face-off versus Sidney Crosby in SEATTLE GRUNGE zone.
12:30 of 3rd period - Tyler Seguin is hit by Sidney Crosby.
12:42 of 3rd period - Shot by Jeff Skinner.
12:42 of 3rd period - Shot Blocked by Alex Pietrangelo.
12:44 of 3rd period - Shot by Matthew Grzelcyk.
12:44 of 3rd period - Shot Misses the Net.
12:53 of 3rd period - Tyler Seguin is hit by Alex Pietrangelo and loses puck.
12:55 of 3rd period - Minor Penalty to Zachary Werenski for Tripping.
12:56 of 3rd period - Derick Brassard wins face-off versus Chris Tierney in LONG BEACH BARACUDAS zone.
13:13 of 3rd period - Shot by Chris Tierney.
13:13 of 3rd period - Stopped by Darcy Kuemper without a rebound.
13:14 of 3rd period - Tyler Seguin wins face-off versus Nolan Patrick in LONG BEACH BARACUDAS zone.
13:35 of 3rd period - Brandon Montour is hit by Jeff Skinner.
14:55 of 3rd period - Minor Penalty to Kyle Palmieri for Tripping.
14:56 of 3rd period - Nolan Patrick wins face-off versus Tyler Seguin in LONG BEACH BARACUDAS zone.
15:02 of 3rd period - Icing by Rasmus Dahlin.
15:03 of 3rd period - Tyler Seguin wins face-off versus Nolan Patrick in SEATTLE GRUNGE zone.
15:51 of 3rd period - Icing by Seth Jones.
15:52 of 3rd period - Chris Tierney wins face-off versus Derick Brassard in SEATTLE GRUNGE zone.
16:22 of 3rd period - Shot by Seth Jones.
16:22 of 3rd period - Deflect By Michael Frolik.
16:22 of 3rd period - Stopped by Darcy Kuemper without a rebound.
16:23 of 3rd period - Tyler Seguin wins face-off versus Derick Brassard in LONG BEACH BARACUDAS zone.
17:09 of 3rd period - Icing by Matthew Grzelcyk.
17:10 of 3rd period - Victor Rask wins face-off versus Nolan Patrick in SEATTLE GRUNGE zone.
17:56 of 3rd period - Zachary Werenski is hit by Matthew Grzelcyk.
18:03 of 3rd period - Icing by Travis Sanheim.
18:04 of 3rd period - Zemgus Girgensons wins face-off versus Steven Stamkos in SEATTLE GRUNGE zone.
18:04 of 3rd period - Zemgus Girgensons is hit by Kyle Connor.
18:09 of 3rd period - Matthew Grzelcyk is hit by Jordan Oesterle and loses puck.
18:32 of 3rd period - Shot by Kyle Palmieri.
18:32 of 3rd period - Stopped by Carter Hutton without a rebound.
18:33 of 3rd period - Oskar Sundqvist wins face-off versus Derick Brassard in SEATTLE GRUNGE zone.
18:33 of 3rd period - Oskar Sundqvist is hit by Derick Brassard.
18:36 of 3rd period - Minor Penalty to Luke Kunin for Slashing.
18:37 of 3rd period - Tyler Seguin wins face-off versus Derick Brassard in LONG BEACH BARACUDAS zone.
19:00 of 3rd period - Shot by Roman Josi.
19:00 of 3rd period - Shot Misses the Net.
19:02 of 3rd period - Shot by Seth Jones.
19:02 of 3rd period - Shot Misses the Net.
19:04 of 3rd period - Shot by Roman Josi.
19:04 of 3rd period - Shot Misses the Net.
19:06 of 3rd period - Shot by Seth Jones.
19:06 of 3rd period - Shot Blocked by Ben Hutton.
19:18 of 3rd period - Shot by Roman Josi.
19:18 of 3rd period - Stopped by Darcy Kuemper without a rebound.
19:19 of 3rd period - Chris Tierney wins face-off versus Nolan Patrick in LONG BEACH BARACUDAS zone.
19:20 of 3rd period - Shot by Michael Frolik.
19:20 of 3rd period - Stopped by Darcy Kuemper without a rebound.
19:21 of 3rd period - Nolan Patrick wins face-off versus Chris Tierney in LONG BEACH BARACUDAS zone.
19:21 of 3rd period - Kyle Palmieri is hit by Michael Frolik and loses puck.
19:44 of 3rd period - Shot by Elias Lindholm.
19:44 of 3rd period - Deflect By Derick Brassard.
19:44 of 3rd period - Shot Misses the Net.
19:49 of 3rd period - Off-side.
19:50 of 3rd period - Tyler Seguin wins face-off versus Nolan Patrick in neutral zone.
Goals for this period are 0 for LONG BEACH BARACUDAS vs 2 for SEATTLE GRUNGE.
Shots for this period are 6 for LONG BEACH BARACUDAS vs 11 for SEATTLE GRUNGE.


SEBASTIAN
AHO
MARK
SCHEIFELE
JAKE
OETTINGER

EAST COAST

HOCKEY LEAGUE

  • 17.QUE3CHI2
  • 18.CHA2LIM4
  • 19.TRV3LON2
  • 20.CHW1BAL2
  • 21.PITMAN
  • 22.ATLNHW
  • 23.WORPET
  • 24.RHI